 Dungeon Crawl Stone Soup version 0.28.0-43-g3370ac3207 (webtiles) character file.

Game seed: 5144674758577834369

119 diana the Cutter (level 5, -3/33 HPs)
             Began as a Kobold Gladiator on Mar 18, 2022.
             Succumbed to an orc's poison
             ... on level 3 of the Dungeon.
             The game lasted 00:04:04 (2484 turns).

diana the Cutter (Kobold Gladiator)                 Turns: 2484, Time: 00:04:04

Health: -3/33      AC:  4    Str:  9 (11) XL:     5   Next: 23%
Magic:  5/5        EV: 16    Int:  7 (9)  God:
Gold:   120        SH:  0    Dex: 18 (19) Spells: 4/4 levels left

rFire   . . .      SeeInvis .   a - +0 rapier
rCold   . . .      Faith    .   (no shield)
rNeg    . . .      Spirit   .   b - +0 leather armour
rPois   .          Reflect  .   c - +0 helmet
rElec   .          Harm     .   (no cloak)
rCorr   .          Rampage  .   (no gloves)
Will    .....                   (no boots)
Stlth   ++........              (no amulet)
HPRegen 0.11/turn               (no ring)
MPRegen 0.09/turn               (no ring)

@: brilliant, lethally poisoned (-3 -> -25)
A: small, no large weapons, nightstalker 3
a: no special abilities


You were on level 3 of the Dungeon.
You visited 1 branch of the dungeon, and saw 3 of its levels.

You collected 120 gold pieces.

Inventory:

Hand Weapons
 a - a +0 rapier (weapon)
 g - a +0 dagger
 n - a +2 dagger of speed
Missiles
 d - 3 throwing nets (quivered)
Armour
 b - a +0 leather armour (worn)
 c - a +0 helmet (worn)
Scrolls
 e - 4 scrolls of identify {unknown}
 f - a scroll of enchant armour {unknown}
 h - a scroll of brand weapon {unknown}
 i - a scroll of immolation {unknown}
 j - a scroll of teleportation {unknown}
Potions
 m - a potion of might {unknown}


   Skills:
 * Level 3.7 Fighting
 + Level 4.6 Short Blades
 - Level 2.1 Throwing
 - Level 2.0 Armour
 + Level 4.2 Dodging


You had 4 spell levels left.
You didn't know any spells.
Your spell library contained the following spells:

 Spells                   Type           Power      Damage    Failure   Level
 Blink                    Tloc           0%         N/A       67%         2
 Gell's Gravitas          Tloc           0%         N/A       88%         3
 Lesser Beckoning         Tloc           0%         N/A       88%         3
 Teleport Other           Tloc           0%         N/A       88%         3
 Manifold Assault         Tloc           0%         N/A       100%        5


Dungeon Overview and Level Annotations

Branches:
Dungeon (3/15)

Altars:
Cheibriados

Shops:
D:2 *   D:3 [


Innate Abilities, Weirdness & Mutations

You are small and have problems with some larger weapons.
You are completely attuned to the shadows.


Message History

The orc is severely wounded.
The orc barely misses you.
You hit the orc.
You kill the orc!
The orc barely misses you.
Items here: ))) [ †.
You hit the orc but do no damage. The orc closely misses you.
You barely miss the orc.
The orc hits you with a +2 flail of venom.
You are poisoned.
You barely miss the orc.
You feel sick. The orc barely misses you.
You hit the orc.
The orc is lightly wounded.
You feel sick. The orc closely misses you.
You hit the orc but do no damage.
The orc is lightly wounded.
You feel sick. The orc closely misses you.
You closely miss the orc.
The orc is lightly wounded.
You feel sick. The orc barely misses you.
You hit the orc but do no damage.
The orc is lightly wounded.
You feel sick. The orc closely misses you.
You hit the orc but do no damage.
The orc is lightly wounded.
You feel sick.
You are no longer poisoned.
The orc hits you with a +2 flail of venom.
* * * LOW HITPOINT WARNING * * *
You are lethally poisoned!
It was a potion of brilliance.
You feel clever all of a sudden.
* * * LOW HITPOINT WARNING * * *
You feel very sick. The orc hits you but does no damage.
You are more poisoned.
It was a potion of degeneration.
There was something very wrong with that liquid.
You feel weakened.
You feel dopey.
You feel clumsy.
You die...

........ ......... ......†..
......... #w #......|.. #.#
#.###'#### ###.# #.# #.####
#...################8###.##..
#..o'......o@.......<....##..
#..o#############.8.∩.8.###..
#...# #.......######.######..
#..o# #.#####.......8.....'..
#...# #.# #######..######..
#...# #.# #### ### #.# #.#
#.#


You could see an orc.

Vanquished Creatures
  An orc wizard (D:3)
  4 adders
  2 dart slugs (D:3)
  2 orcs (D:3)
  3 endoplasms
  4 giant cockroaches
  5 goblins
  7 hobgoblins
  5 kobolds
  A quokka (D:1)
  7 ball pythons
  6 bats
  4 frilled lizards
  3 rats
54 creatures vanquished.

Notes
Turn   | Place    | Note
-------+----------+-------------------------------------------
     0 | D:1      | diana the Kobold Gladiator began the quest for the Orb.
     0 | D:1      | Reached XP level 1. HP: 12/12 MP: 1/1
   163 | D:1      | Reached XP level 2. HP: 14/18 MP: 2/2
   832 | D:1      | Reached skill level 1 in Armour
   834 | D:1      | Reached XP level 3. HP: 22/22 MP: 3/3
  1407 | D:2      | Found a faded altar of an unknown god.
  1823 | D:2      | Reached XP level 4. HP: 28/28 MP: 4/4
  1823 | D:2      | Found Woynuw's Assorted Antiques.
  2170 | D:3      | Found Bemmuf's Antique Armour Emporium.
  2247 | D:3      | Found a snail-covered altar of Cheibriados.
  2468 | D:3      | Reached XP level 5. HP: 26/33 MP: 5/5
  2484 | D:3      | Succumbed to an orc's poison

Illustrated notes

Levels and vault maps discovered:
D:1:      dpeg_arrival_rooms_b, layout_rooms, minmay_unequal
D:2:      layout_loops_ring, shapermc_ecumenical_altar_ellora, serial_shops,
          nicolae_lakefront_shop
D:3:      layout_basic, kennysheep_slug_shrine, serial_shops,
          nicolae_shop_statue_plus, minivault_26

Skill      XL: |  1  2  3  4 |
---------------+-------------+-----
Armour         | 1 2 |  2.0
Fighting       | 3 |  3.7
Dodging        | 4 |  4.2
Short Blades   | |  4.6
Throwing       | |  2.1

Action                   |  1- 3 |  4- 6 || total
-------------------------+-------+-------++-------
Melee: Rapier            |   114 |    60 ||   174
       Punch             |     2 |       ||     2
  Use: Potion            |       |     2 ||     2
 Stab: Sleeping          |    14 |     7 ||    21
Armor: Leather armour    |    27 |     4 ||    31
Dodge: Dodged            |    75 |    34 ||   109
